General information
- name: BNet
- type: Ladder team game (AT/RT)
- host: Battle.net
- saver: Aguirre
map: GolemsInTheMist
- players: 8
- length: 47:03
- speed: Fast
- version: 1.26 W3XP
- replay type: Public
» download(271 KB)
Players
team 1 (loser)
Slayer-of-All (
orange | 34 APM | 1484 actions | 43:27)
4 Demon Hunter
2 Mana Burn
2 Evasion
3 Keeper of the Grove
2 Entangling Roots
1 Thorns Aura
» actions
| Assign group hotkey | 316 | |
| Basic commands | 137 | |
| Build / train | 82 | |
| ESC pressed | 5 | |
| Enter build submenu | 30 | |
| Enter hero's abilities submenu | 7 | |
| Give item / drop item | 1 | |
| Remove unit from queue | 2 | |
| Right click | 434 | |
| Select / deselect | 329 | |
| Select group hotkey | 72 | |
| Use ability | 69 | |
1484 total
» units
| Wisp | 19 | |
| Archer | 13 | |
| Hippogryph | 6 | |
| Druid of the Talon | 6 | |
| Faerie Dragon | 4 | |
| Chimaera | 7 | |
55 total
» upgrades
| Improved Bows | 1 | |
| Hippogryph Taming | 1 | |
| Druid of the Talon Training | 2 | |
| Strength of the Wild | 1 | |
| Reinforced Hides | 1 | |
| Ultravision | 1 | |
| Strength of the Moon | 1 | |
| Corrosive Breath | 1 | |
| Mark of the Talon | 1 | |
10 total
» buildings
| Moon Well | 9 | |
| Altar of Elders | 1 | |
| Ancient of War | 1 | |
| Tree of Life | 6 | |
| Tree of Ages | 2 | |
| Hunter's Hall | 1 | |
| Ancient of Wonders | 1 | |
| Ancient Protector | 9 | |
| Ancient of Wind | 2 | |
| Tree of Eternity | 1 | |
| Chimaera Roost | 2 | |
35 total
» build order
00:20 Moon Well
00:24 Altar of Elders
01:20 Ancient of War
01:35 Moon Well
05:50 Tree of Life
05:53 Tree of Ages
05:59 Hunter's Hall
06:05 Moon Well
06:07 Moon Well
06:16 Ancient of Wonders
07:29 Ancient Protector
08:55 Ancient of Wind
08:58 Ancient of Wind
11:07 Tree of Eternity
12:24 Moon Well
12:26 Moon Well
12:27 Moon Well
12:35 Moon Well
13:41 Chimaera Roost
14:47 Chimaera Roost
17:42 Moon Well
19:40 Tree of Life
19:44 Ancient Protector
19:46 Ancient Protector
19:51 Ancient Protector
20:17 Tree of Life
22:09 Tree of Life
22:14 Ancient Protector
22:15 Ancient Protector
22:17 Ancient Protector
22:19 Ancient Protector
22:25 Ancient Protector
24:42 Tree of Life
24:54 Tree of Life
» items
| Scroll of Town Portal | 1 | |
| Orb of Fire | 1 | |
2 total
BigEvil (
purple | 40 APM | 1870 actions | 47:02)
8 Archmage
3 Summon Water Elemental
3 Brilliance Aura
1 Mass Teleport
1 Blizzard
» actions
| Assign group hotkey | 74 | |
| Basic commands | 71 | |
| Build / train | 76 | |
| Enter build submenu | 36 | |
| Enter hero's abilities submenu | 8 | |
| Give item / drop item | 2 | |
| Remove unit from queue | 1 | |
| Right click | 741 | |
| Select / deselect | 390 | |
| Select group hotkey | 335 | |
| Use ability | 136 | |
1870 total
» units
| Peasant | 19 | |
| Footman | 4 | |
| Goblin Shredder | 2 | |
| Gryphon Rider | 9 | |
| Sorceress | 2 | |
36 total
» upgrades
| Storm Hammers | 1 | |
| Cloud | 1 | |
| Swords | 3 | |
| Armor | 3 | |
| Animal War Training | 1 | |
| Masonry | 3 | |
| Magic Sentry | 1 | |
| Sorceress Training | 1 | |
14 total
» buildings
| Altar of Kings | 1 | |
| Barracks | 2 | |
| Farm | 6 | |
| Keep | 1 | |
| Arcane Vault | 3 | |
| Lumber Mill | 2 | |
| Castle | 1 | |
| Town Hall | 4 | |
| Scout Tower | 18 | |
| Guard Tower | 5 | |
| Gryphon Aviary | 4 | |
| Blacksmith | 2 | |
| Arcane Sanctum | 3 | |
52 total
» build order
00:35 Altar of Kings
00:38 Barracks
00:51 Barracks
00:53 Farm
00:55 Farm
01:06 Farm
01:42 Farm
03:30 Keep
03:50 Arcane Vault
03:53 Lumber Mill
03:56 Farm
06:05 Castle
06:37 Town Hall
06:40 Scout Tower
06:41 Scout Tower
06:42 Scout Tower
07:57 Guard Tower
08:01 Gryphon Aviary
08:01 Gryphon Aviary
08:12 Gryphon Aviary
08:14 Gryphon Aviary
08:18 Blacksmith
08:20 Blacksmith
10:08 Lumber Mill
13:45 Scout Tower
13:45 Scout Tower
13:47 Scout Tower
13:47 Scout Tower
13:48 Scout Tower
13:49 Scout Tower
13:51 Scout Tower
13:51 Scout Tower
13:52 Scout Tower
13:52 Scout Tower
13:53 Scout Tower
13:54 Scout Tower
13:54 Scout Tower
13:55 Scout Tower
14:24 Guard Tower
15:47 Guard Tower
17:05 Guard Tower
17:30 Guard Tower
19:58 Town Hall
20:17 Arcane Vault
23:26 Town Hall
23:28 Arcane Vault
29:05 Farm
29:59 Town Hall
34:07 Arcane Sanctum
34:08 Arcane Sanctum
34:09 Arcane Sanctum
» items
| Scroll of Town Portal | 2 | |
| Mechanical Critter | 2 | |
| Scroll of Regeneration | 3 | |
| Potion of Healing | 2 | |
9 total

»
khrizzo (
yellow | 51 APM | 1438 actions | 28:27)
5 Death Knight
3 Death Coil
2 Unholy Aura
3 Lich
2 Frost Nova
1 Frost Armor
» actions
| Assign group hotkey | 6 | |
| Basic commands | 71 | |
| Build / train | 66 | |
| ESC pressed | 10 | |
| Enter build submenu | 28 | |
| Enter hero's abilities submenu | 8 | |
| Give item / drop item | 1 | |
| Remove unit from queue | 14 | |
| Right click | 788 | |
| Select / deselect | 347 | |
| Select group hotkey | 26 | |
| Use ability | 72 | |
1438 total
» units
| Acolyte | 5 | |
| Ghoul | 4 | |
| Crypt Fiend | 8 | |
| Frost Wyrm | 2 | |
| Gargoyle | 2 | |
21 total
» upgrades
| Creature Attack | 3 | |
| Creature Carapace | 2 | |
| Web | 1 | |
| Burrow | 1 | |
| Freezing Breath | 1 | |
8 total
» buildings
| Altar of Darkness | 1 | |
| Crypt | 1 | |
| Ziggurat | 15 | |
| Graveyard | 1 | |
| Tomb of Relics | 1 | |
| Nerubian Tower | 3 | |
| Spirit Tower | 3 | |
| Halls of the Dead | 2 | |
| Black Citadel | 1 | |
| Sacrificial Pit | 1 | |
| Boneyard | 2 | |
| Necropolis | 3 | |
34 total
» build order
00:09 Altar of Darkness
00:17 Crypt
00:36 Ziggurat
01:16 Graveyard
01:53 Ziggurat
02:55 Tomb of Relics
03:33 Nerubian Tower
04:53 Ziggurat
05:26 Spirit Tower
05:55 Halls of the Dead
09:54 Ziggurat
10:35 Ziggurat
10:39 Ziggurat
10:40 Ziggurat
10:55 Spirit Tower
12:32 Black Citadel
12:43 Nerubian Tower
12:44 Spirit Tower
13:19 Sacrificial Pit
16:56 Ziggurat
17:00 Ziggurat
17:05 Boneyard
17:10 Boneyard
19:52 Nerubian Tower
22:13 Necropolis
22:18 Ziggurat
22:19 Ziggurat
22:19 Ziggurat
22:20 Ziggurat
22:20 Ziggurat
24:04 Halls of the Dead
24:45 Necropolis
27:12 Necropolis
27:32 Ziggurat
» items
| Rod of Necromancy | 1 | |
| Scroll of Town Portal | 1 | |
| Scroll of Healing | 1 | |
| Orb of Corruption | 1 | |
4 total
Veslusion (
green | 28 APM | 911 actions | 32:29)
4 Dreadlord
2 Vampiric Aura
2 Carrion Swarm
» actions
| Assign group hotkey | 11 | |
| Basic commands | 45 | |
| Build / train | 71 | |
| Enter build submenu | 28 | |
| Enter hero's abilities submenu | 4 | |
| Remove unit from queue | 1 | |
| Right click | 410 | |
| Select / deselect | 215 | |
| Select group hotkey | 38 | |
| Use ability | 88 | |
911 total
» units
| Acolyte | 4 | |
| Ghoul | 9 | |
| Crypt Fiend | 6 | |
| Meatwagon | 2 | |
| Necromancer | 15 | |
| Abomination | 2 | |
| Gargoyle | 3 | |
41 total
» upgrades
| Cannibalize | 1 | |
| Unholy Strength | 2 | |
| Unholy Armor | 1 | |
| Creature Attack | 1 | |
| Creature Carapace | 2 | |
| Burrow | 1 | |
| Web | 1 | |
| Necromancer Training | 2 | |
| Exhume Corpses | 1 | |
| Skeletal Longevity | 1 | |
| Disease Cloud | 1 | |
| Stone Form | 1 | |
15 total
» buildings
| Altar of Darkness | 1 | |
| Crypt | 1 | |
| Ziggurat | 12 | |
| Graveyard | 1 | |
| Halls of the Dead | 1 | |
| Temple of the Damned | 1 | |
| Slaughterhouse | 1 | |
| Black Citadel | 1 | |
| Necropolis | 2 | |
| Tomb of Relics | 1 | |
| Spirit Tower | 4 | |
26 total
» build order
00:06 Altar of Darkness
00:08 Crypt
00:16 Ziggurat
01:09 Ziggurat
01:42 Ziggurat
02:27 Ziggurat
03:37 Graveyard
04:28 Halls of the Dead
08:18 Temple of the Damned
08:28 Slaughterhouse
10:06 Ziggurat
10:08 Ziggurat
10:13 Ziggurat
11:22 Black Citadel
12:51 Necropolis
13:53 Tomb of Relics
14:22 Ziggurat
14:28 Ziggurat
17:15 Spirit Tower
19:26 Necropolis
20:26 Ziggurat
20:30 Ziggurat
20:32 Ziggurat
22:37 Spirit Tower
22:37 Spirit Tower
22:38 Spirit Tower
» items
team 2 (winner)
Charliesheen (
teal | 35 APM | 1664 actions | 47:02)
5 Blood Mage
1 Flame Strike
1 Siphon Mana
3 Banish
2 Archmage
1 Blizzard
1 Brilliance Aura
» actions
| Basic commands | 76 | |
| Build / train | 93 | |
| ESC pressed | 1 | |
| Enter build submenu | 29 | |
| Enter hero's abilities submenu | 7 | |
| Right click | 963 | |
| Select / deselect | 415 | |
| Use ability | 80 | |
1664 total
» units
| Peasant | 32 | |
| Footman | 4 | |
| Rifleman | 5 | |
| Knight | 2 | |
| Siege Engine | 7 | |
| Priest | 1 | |
51 total
» upgrades
| Masonry | 3 | |
| Defend | 1 | |
| Plating | 3 | |
| Swords | 1 | |
| Gunpowder | 2 | |
| Long Rifles | 1 | |
| Barrage | 1 | |
| Animal War Training | 1 | |
13 total
» buildings
| Altar of Kings | 1 | |
| Farm | 8 | |
| Scout Tower | 9 | |
| Lumber Mill | 1 | |
| Arcane Tower | 1 | |
| Arcane Vault | 1 | |
| Barracks | 2 | |
| Town Hall | 1 | |
| Keep | 1 | |
| Blacksmith | 2 | |
| Guard Tower | 8 | |
| Castle | 1 | |
| Workshop | 2 | |
| Arcane Sanctum | 1 | |
39 total
» build order
00:13 Altar of Kings
00:18 Farm
01:03 Scout Tower
01:13 Lumber Mill
01:21 Farm
01:30 Farm
01:56 Arcane Tower
02:24 Arcane Vault
02:54 Barracks
04:29 Town Hall
05:34 Keep
05:51 Scout Tower
06:09 Blacksmith
06:18 Scout Tower
06:20 Guard Tower
06:24 Scout Tower
07:02 Guard Tower
07:06 Scout Tower
07:14 Guard Tower
07:18 Scout Tower
07:36 Guard Tower
07:46 Farm
08:16 Castle
08:20 Guard Tower
08:21 Guard Tower
08:31 Farm
08:45 Scout Tower
08:52 Workshop
09:46 Farm
09:53 Guard Tower
09:56 Workshop
10:40 Barracks
10:48 Blacksmith
10:55 Farm
11:10 Scout Tower
11:29 Farm
11:37 Scout Tower
11:40 Guard Tower
13:37 Arcane Sanctum
» items
| Lesser Clarity Potion | 3 | |
| Scroll of Regeneration | 1 | |
| Healing Salve | 1 | |
| Scroll of Speed | 1 | |
| Potion of Healing | 1 | |
| Scroll of Town Portal | 1 | |
| Tiny Great Hall | 1 | |
9 total
Aguirre (
blue | 105 APM | 4930 actions | 47:03)
8 Archmage
3 Summon Water Elemental
3 Brilliance Aura
1 Mass Teleport
1 Blizzard
» actions
| Assign group hotkey | 105 | |
| Basic commands | 298 | |
| Build / train | 238 | |
| ESC pressed | 10 | |
| Enter build submenu | 60 | |
| Enter hero's abilities submenu | 8 | |
| Give item / drop item | 5 | |
| Right click | 1815 | |
| Select / deselect | 640 | |
| Select group hotkey | 1192 | |
| Use ability | 559 | |
4930 total
» units
| Peasant | 18 | |
| Footman | 5 | |
| Goblin Shredder | 3 | |
| Knight | 5 | |
| Siege Engine | 3 | |
| Mortar Team | 4 | |
| Priest | 4 | |
| Goblin Zeppelin | 2 | |
| Goblin Sapper | 11 | |
| Rifleman | 3 | |
58 total
» upgrades
| Masonry | 3 | |
| Swords | 4 | |
| Armor | 4 | |
| Plating | 3 | |
| Gunpowder | 3 | |
| Barrage | 2 | |
| Priest Training | 2 | |
| Animal War Training | 1 | |
| Fragmentation Shards | 1 | |
| Flare | 1 | |
| Long Rifles | 1 | |
| Lumber Harvesting | 2 | |
| Sorceress Training | 2 | |
| Magic Sentry | 1 | |
| Control Magic | 1 | |
| Defend | 1 | |
| Flak Cannons | 1 | |
| Flying Machine Bombs | 1 | |
| Backpack | 1 | |
35 total
» buildings
| Altar of Kings | 2 | |
| Barracks | 2 | |
| Farm | 10 | |
| Arcane Vault | 1 | |
| Lumber Mill | 1 | |
| Keep | 1 | |
| Town Hall | 2 | |
| Scout Tower | 33 | |
| Guard Tower | 81 | |
| Arcane Tower | 6 | |
| Castle | 3 | |
| Blacksmith | 2 | |
| Workshop | 2 | |
| Arcane Sanctum | 1 | |
147 total
» build order
00:56 Altar of Kings
00:58 Barracks
01:03 Altar of Kings
01:04 Farm
01:06 Farm
01:14 Farm
01:52 Arcane Vault
02:22 Farm
02:31 Farm
03:02 Farm
04:24 Lumber Mill
04:33 Farm
05:01 Keep
05:56 Town Hall
05:57 Scout Tower
05:58 Scout Tower
06:00 Scout Tower
06:03 Scout Tower
06:35 Guard Tower
06:35 Guard Tower
06:35 Guard Tower
06:37 Scout Tower
06:40 Scout Tower
06:54 Guard Tower
06:54 Guard Tower
06:55 Guard Tower
07:04 Guard Tower
07:05 Guard Tower
07:06 Arcane Tower
07:06 Arcane Tower
07:06 Arcane Tower
07:28 Scout Tower
07:29 Scout Tower
08:07 Castle
08:07 Castle
08:15 Blacksmith
08:16 Blacksmith
08:27 Guard Tower
08:27 Guard Tower
08:28 Guard Tower
08:36 Scout Tower
08:36 Scout Tower
09:49 Workshop
09:50 Workshop
09:54 Barracks
10:08 Arcane Sanctum
10:30 Guard Tower
10:30 Guard Tower
11:50 Guard Tower
11:50 Guard Tower
11:52 Guard Tower
11:52 Guard Tower
12:16 Guard Tower
12:37 Scout Tower
12:41 Scout Tower
12:41 Scout Tower
12:42 Scout Tower
12:44 Scout Tower
13:40 Guard Tower
13:40 Guard Tower
13:41 Guard Tower
19:31 Farm
19:32 Farm
19:33 Farm
19:43 Town Hall
24:47 Scout Tower
24:47 Scout Tower
24:48 Scout Tower
24:49 Scout Tower
24:50 Scout Tower
25:25 Guard Tower
25:26 Guard Tower
25:26 Guard Tower
25:27 Guard Tower
25:27 Guard Tower
25:27 Guard Tower
25:30 Scout Tower
25:30 Scout Tower
25:31 Scout Tower
25:33 Scout Tower
25:47 Guard Tower
25:48 Guard Tower
25:48 Guard Tower
26:14 Guard Tower
26:14 Guard Tower
26:15 Guard Tower
26:15 Guard Tower
26:20 Scout Tower
26:21 Scout Tower
26:22 Scout Tower
31:40 Guard Tower
31:40 Guard Tower
31:41 Guard Tower
34:11 Scout Tower
34:13 Scout Tower
34:14 Scout Tower
34:15 Scout Tower
34:19 Scout Tower
34:21 Scout Tower
34:45 Guard Tower
34:45 Guard Tower
34:46 Guard Tower
34:46 Guard Tower
34:47 Guard Tower
34:47 Guard Tower
34:47 Guard Tower
34:47 Guard Tower
34:49 Guard Tower
34:50 Guard Tower
34:50 Guard Tower
35:08 Guard Tower
35:08 Guard Tower
35:09 Guard Tower
» items
| Scroll of Regeneration | 6 | |
| Scroll of Town Portal | 4 | |
| Staff of Sanctuary | 1 | |
| Potion of Healing | 1 | |
| Ivory Tower | 11 | |
23 total
COMSHEPPARD. (
red | 55 APM | 2585 actions | 47:02)
5 Tauren Chieftain
3 Endurance Aura
2 Shockwave
» actions
| Assign group hotkey | 59 | |
| Basic commands | 87 | |
| Build / train | 74 | |
| Enter build submenu | 17 | |
| Enter hero's abilities submenu | 5 | |
| Give item / drop item | 1 | |
| Remove unit from queue | 1 | |
| Right click | 1095 | |
| Select / deselect | 272 | |
| Select group hotkey | 715 | |
| Use ability | 259 | |
2585 total
» units
| Peon | 10 | |
| Goblin Shredder | 15 | |
| Troll Batrider | 19 | |
| Wind Rider | 5 | |
| Goblin Sapper | 3 | |
52 total
» upgrades
| Reinforced Defenses | 1 | |
| Envenomed Spears | 1 | |
| Ranged Weapons | 3 | |
| Armor | 2 | |
| Liquid Fire | 1 | |
8 total
» buildings
| Altar of Storms | 1 | |
| Orc Burrow | 6 | |
| Voodoo Lounge | 1 | |
| War Mill | 2 | |
| Stronghold | 1 | |
| Fortress | 2 | |
| Beastiary | 4 | |
| Great Hall | 1 | |
| Watch Tower | 19 | |
37 total
» build order
00:07 Altar of Storms
00:17 Orc Burrow
01:24 Voodoo Lounge
01:50 War Mill
02:02 Stronghold
02:27 Orc Burrow
02:28 Orc Burrow
02:30 Orc Burrow
04:39 Fortress
04:45 Beastiary
04:46 Beastiary
06:29 Great Hall
06:36 Watch Tower
06:37 Watch Tower
06:38 Watch Tower
06:39 Watch Tower
06:49 Beastiary
07:35 Orc Burrow
08:16 Watch Tower
08:17 Watch Tower
08:21 Watch Tower
08:57 Watch Tower
08:57 Watch Tower
08:57 Watch Tower
09:00 Watch Tower
09:00 Watch Tower
09:01 Watch Tower
10:15 Beastiary
10:17 Orc Burrow
14:04 Watch Tower
14:04 Watch Tower
14:04 Watch Tower
14:05 Watch Tower
14:05 Watch Tower
14:06 Watch Tower
27:40 War Mill
» items
| Healing Salve | 1 | |
| Scroll of Town Portal | 2 | |
| Orb of Lightning | 1 | |
4 total
EDG (
pink | 45 APM | 1063 actions | 23:51)
4 Mountain King
1 Storm Bolt
2 Bash
1 Thunder Clap
4 Paladin
2 Devotion Aura
2 Divine Shield
» actions
| Assign group hotkey | 23 | |
| Build / train | 69 | |
| Enter build submenu | 25 | |
| Enter hero's abilities submenu | 8 | |
| Right click | 385 | |
| Select / deselect | 174 | |
| Select group hotkey | 343 | |
| Use ability | 36 | |
1063 total
» units
| Peasant | 7 | |
| Footman | 5 | |
| Priest | 2 | |
| Sorceress | 2 | |
| Knight | 8 | |
| Goblin Shredder | 1 | |
| Siege Engine | 4 | |
| Rifleman | 5 | |
34 total
» upgrades
| Swords | 3 | |
| Lumber Harvesting | 2 | |
| Plating | 2 | |
| Gunpowder | 3 | |
| Armor | 1 | |
| Barrage | 1 | |
| Priest Training | 1 | |
| Sorceress Training | 1 | |
| Masonry | 3 | |
| Animal War Training | 1 | |
| Long Rifles | 1 | |
| Control Magic | 1 | |
20 total
» buildings
| Altar of Kings | 1 | |
| Farm | 13 | |
| Barracks | 2 | |
| Arcane Vault | 1 | |
| Keep | 1 | |
| Lumber Mill | 1 | |
| Blacksmith | 1 | |
| Castle | 1 | |
| Arcane Sanctum | 1 | |
| Gryphon Aviary | 1 | |
| Workshop | 1 | |
| Town Hall | 1 | |
25 total
» build order
00:25 Altar of Kings
00:38 Farm
00:54 Barracks
01:20 Farm
02:04 Farm
02:12 Arcane Vault
03:26 Keep
03:28 Farm
03:48 Lumber Mill
04:11 Blacksmith
05:33 Farm
05:51 Castle
06:18 Arcane Sanctum
07:37 Farm
08:21 Gryphon Aviary
08:31 Workshop
09:37 Farm
10:17 Farm
11:03 Farm
11:43 Farm
12:24 Farm
13:18 Farm
13:48 Town Hall
14:04 Farm
14:11 Barracks
» items
| Scroll of Regeneration | 1 | |
| Orb of Fire | 2 | |
3 total
Chat log
(00:06 / Allies) Charliesheen: nites tansk maybe
(00:07 / Allies) EDG: rush
(00:10 / All) BigEvil: I am the wrath of God!
(00:19 / Allies) EDG: or we lose
(00:24 / All) Aguirre: I AM THE GREAT TRAITOR! THERE MUST BE NO OTHER!
(00:29 / Allies) Charliesheen: why he hacks?
(00:33 / Allies) COMSHEPPARD.: who does
(00:36 / All) Veslusion: k'
(00:42 / Allies) Charliesheen: why we gona lose?
(00:43 / All) Aguirre: Whoever deserts shall be cut up into 198 pieces and those shall be stamped on until what is left may only be used to paint wall
(00:44 / All) Aguirre: s
(00:45 / Allies) COMSHEPPARD.: who hacks
(00:51 / All) Veslusion: k
(00:52 / All) Aguirre: I am the Wrath of God, the earth I pass will see me and tremble
(01:06 / Allies) EDG: rush
(01:15 / Allies) Charliesheen: why?
(01:32 / Allies) COMSHEPPARD.: we dont have to rush dont make a thing out of this pink
(01:46 / All) Aguirre: that speech is ace
(02:45 / Allies) Charliesheen: why we gona lose?
(03:02 / Allies) COMSHEPPARD.: teal that is blue's island epxo
(03:13 / Allies) Charliesheen: i opened it fool
(03:14 / Allies) Aguirre: those were my items too fag
(03:16 / Allies) COMSHEPPARD.: its hit natural
(03:23 / Allies) COMSHEPPARD.: u took his items and his natural
(03:28 / Allies) Aguirre: what a fucking prick
(03:31 / Allies) Aguirre: kill yourself teal
(03:33 / Allies) Charliesheen: what natura
(03:36 / Allies) Aguirre: lol
(03:40 / Allies) Aguirre: good player is getting my expo huh?
(03:47 / All) COMSHEPPARD.: natural means something that is by right, someone's natural
(03:51 / Allies) Charliesheen: how is that your expo u shit?
(04:01 / Allies) Aguirre: it's my land
(04:08 / Allies) Aguirre: you fucking peasant, it's mine by right
(04:21 / Allies) COMSHEPPARD.: can u clear the trees for me teal?
(04:29 / Allies) Aguirre: yeah if you do that then it's ok
(04:31 / Allies) Aguirre: and i won't tk
(04:39 / Allies) Charliesheen: i dont give a shit if you tk
(04:49 / Allies) Charliesheen: just a game u obsessed fuck
(05:21 / Allies) COMSHEPPARD.: thank u teal
(05:24 / Allies) Charliesheen: its open u shit
(05:24 / Allies) Aguirre: nice
(05:26 / Allies) Aguirre: good work
(05:31 / Allies) Aguirre: you are forgiven
(05:33 / Allies) COMSHEPPARD.: help me celar plz ill give u the items
(08:11 / Allies) COMSHEPPARD.: stay tob tower
(10:33 / Allies) Charliesheen: b
(11:38 / All) COMSHEPPARD.: me thinks ur team has a wee bit too many maphackers
(11:45 / All) BigEvil: I like to move it move it
(11:51 / All) Slayer-of-All: yup
(11:54 / All) Slayer-of-All: for days
(12:00 / All) COMSHEPPARD.: y no deny
(15:16 / Allies) COMSHEPPARD.: hit
(18:19 / All) khrizzo: LAG
(19:53 / Allies) Charliesheen: u can have yoru mine back blue
(19:56 / Allies) Aguirre: thanks
(20:08 / Allies) Charliesheen: gold pls
(20:16 / Allies) Charliesheen: tyty
(22:37 / All) COMSHEPPARD.: how mad are u oj
(22:51 / All) COMSHEPPARD.: LOL
(22:58 / All) COMSHEPPARD.: I AINT MAPHACKING man u just had no towers
(22:59 / All) Slayer-of-All: ur a noob
(23:00 / All) Slayer-of-All: XD
(23:10 / All) Slayer-of-All: mh?
(23:27 / Allies) Charliesheen: gold pls blue
(23:34 / Allies) Charliesheen: quci buidling
(23:43 / All) COMSHEPPARD.: aint hacks just skill
(23:44 / Allies) Charliesheen: gold pls
(23:54 / All) Slayer-of-All: i suck
(23:54 / All) Slayer-of-All: XD
(24:01 / All) Slayer-of-All: u
(24:03 / All) Slayer-of-All: suck
(24:24 / All) Veslusion: having heaps of batriders is hardly "Skill"
(24:33 / Allies) Charliesheen: yeah prule hackin
(24:43 / All) Aguirre: I beat you ez with standard army green
(24:58 / All) Veslusion: yup
(25:15 / All) Slayer-of-All: blue ur the only good one on there team
(25:16 / All) Slayer-of-All: XD
(25:23 / All) Aguirre: ty
(25:28 / All) COMSHEPPARD.: i rape his base with no hero
(25:31 / All) COMSHEPPARD.: and he gives me no credit
(25:39 / All) Slayer-of-All: u suck
(25:42 / All) Slayer-of-All: anyone can bats
(25:43 / All) Slayer-of-All: kid
(26:11 / All) Veslusion: okay im new to UD how the fuck do i play properly with them? lol
(26:13 / All) BigEvil: who is your favorite charlie sheen mistress?
(28:11 / All) BigEvil: Yes I have gold hack
(28:21 / All) BigEvil: It has made me the industrious entrepeneur I am today
(28:25 / All) khrizzo: what a gay game
(28:31 / All) COMSHEPPARD.: LAWL
(28:41 / All) COMSHEPPARD.: give me credit orange i raped ur base
(28:42 / All) Veslusion: YYYYYYYYYYYYYYYYYYYYYy
(28:44 / All) Aguirre: you know the game is good when your ally leaves and says that
(28:47 / All) Slayer-of-All: lol
(28:56 / All) Slayer-of-All: i dont give credit to noobs
(28:58 / All) Slayer-of-All: sorry
(29:10 / All) COMSHEPPARD.: wow i rape orange with no heroes
(29:10 / All) Slayer-of-All: u beat me 1v1 ill give u credit
(29:13 / All) COMSHEPPARD.: and he gives me credit
(29:15 / All) Aguirre: You got raped orange
(29:17 / All) Aguirre: Just own up to it
(29:20 / All) Slayer-of-All: XD
(29:25 / All) COMSHEPPARD.: ask everybody in this game i beat u fair and square
(29:32 / All) Aguirre: 19-15 now
(29:32 / All) Slayer-of-All: i went chims and i never go chims
(29:35 / All) Slayer-of-All: k kills
(29:37 / All) Slayer-of-All: kids
(29:45 / All) Aguirre: I went human ground and I never go human ground
(29:46 / All) COMSHEPPARD.: u admitted u hack too
(29:48 / All) Aguirre: kid
(29:52 / All) Slayer-of-All: lol
(30:00 / All) Slayer-of-All: u really think i hack?
(30:03 / Allies) Charliesheen: gold pls
(30:06 / All) Charliesheen: puprle does homo
(30:09 / All) Veslusion: i went UD and i never go UD kid
(30:12 / All) Slayer-of-All: i would of known u went bqats and never made chims
(30:15 / All) Slayer-of-All: dumbfuck
(30:16 / All) COMSHEPPARD.: i take a man for his word and u said u did
(30:26 / All) Slayer-of-All: ur a moron then
(30:28 / All) Slayer-of-All: XD
(30:31 / All) COMSHEPPARD.: you're*
(30:38 / All) Slayer-of-All: ohh ok
(30:43 / All) COMSHEPPARD.: sometimes i wish blizzard had a moderator in 4v4 games,
(30:47 / All) COMSHEPPARD.: they would say i am right
(30:50 / All) Veslusion: hitler created the sex doll
(30:52 / All) Slayer-of-All: like everyone spells shit on here like they should
(31:07 / All) COMSHEPPARD.: green ill let ur hero live not ur aboms
(31:20 / All) Veslusion: i dont care lol
(31:24 / All) Slayer-of-All: dude ur trash just get over urself
(31:27 / All) Slayer-of-All: plz
(31:32 / All) Aguirre: you're 19-15
(31:36 / All) COMSHEPPARD.: bro, i am the little brother of kodos_forsaken, 4v4rt legend
(32:11 / All) BigEvil: I'm taking your land teal
(32:12 / All) Veslusion: YAY
(32:17 / All) BigEvil: Anything to say for yourself, coward?
(32:29 / All) Charliesheen: lol i had 3 races at my base u shit
(32:41 / All) BigEvil: Excuses excuses
(32:43 / All) Charliesheen: no one helped bats for red bleu was killign your other shit blow me
(32:48 / All) BigEvil: What's stopping you from taking your land back now?
(32:54 / All) BigEvil: I'd rather die than grovel like you, coward
(32:58 / All) BigEvil: Yellow belly
(33:08 / All) BigEvil: You're gutless
(33:15 / All) Charliesheen: big talkign when i get rushed by 3 people dickwad lol
(33:37 / All) COMSHEPPARD.: teal can u at least admit i raped orange's base with bats
(33:39 / All) Charliesheen: and sorry u fuckign hack
(33:53 / All) BigEvil: It's that what they call skill and talent nowadays?
(33:54 / All) Charliesheen: yes but u mien liek 100k gold no give
(34:04 / All) COMSHEPPARD.: he said yes, orange
(34:09 / All) COMSHEPPARD.: that is 5 people saying i raped u
(34:15 / All) Slayer-of-All: lol
(34:17 / All) Slayer-of-All: ok kid
(34:21 / All) Slayer-of-All: 1v1 me any day
(34:30 / All) COMSHEPPARD.: y
(34:37 / All) COMSHEPPARD.: i 1v1'd u this game and owned u wiht no hero
(34:37 / All) Slayer-of-All: cuz ur trash
(34:41 / All) Aguirre: He's bad at 4v4 and wants you to play 1v1 because he can't win in this game mode
(34:57 / All) Aguirre: 1v1 is for noobs, good players can 1v4 in RT
(34:58 / All) Slayer-of-All: lol u wouldnt even stand a chance in a 1v1 vs me
(35:02 / All) Slayer-of-All: XD
(35:04 / All) Aguirre: I peak at 130 APM
(35:06 / All) BigEvil: Teal is a coward
(35:07 / All) Aguirre: I'd rape you
(35:11 / All) COMSHEPPARD.: i totally made orange my indentured servant, which is a term from mass effect 2
(35:14 / All) Slayer-of-All: sure
(35:17 / All) BigEvil: Will not even hazard an assault unless he's literally invulernable
(35:20 / All) BigEvil: Pussy
(35:31 / All) Aguirre: I'm not kidding but I guess that is hard for a player of your calibre to believe, orange
(35:39 / All) Slayer-of-All: lol
(35:46 / All) Slayer-of-All: u kids haver no idea
(35:54 / All) Aguirre: how old are you orange?
(35:56 / All) Aguirre: 17?
(36:13 / All) Slayer-of-All: im 20
(36:15 / All) Slayer-of-All: sorry
(36:22 / All) Aguirre: wow, you're real old
(36:31 / All) Slayer-of-All: old?
(36:38 / All) Aguirre: you're practically an adult
(36:46 / All) Aguirre: do you live in the us? if you are american in a year you can even drink
(37:01 / All) Slayer-of-All: i already can drink
(37:09 / All) Slayer-of-All: i drink everyday after work
(38:21 / All) BigEvil: "Teal's Bad DAy"
(38:26 / All) BigEvil: that's the title of this adventure
(39:34 / All) COMSHEPPARD.: dead bambi
(39:48 / All) COMSHEPPARD.: ill let u keep one hero orange
(39:49 / All) Aguirre: I think teal might have latency hack
(39:49 / All) COMSHEPPARD.: just one
(39:57 / All) Aguirre: I forgot to turn mine on and my spamming pink was doing nothing
(40:12 / All) BigEvil: SALLY FORTH
(40:28 / All) BigEvil: ah
(40:35 / All) BigEvil: lol
(40:48 / All) COMSHEPPARD.: standoff i say
(42:15 / All) BigEvil: Tell em the rub
(42:24 / All) Aguirre: We are going to kill everything
(42:28 / All) Aguirre: including our own stuff
(42:35 / All) Aguirre: Neither team will be able to kill the other
(42:58 / All) Aguirre: and it will be a mexican standoff with neither side able to win, the final person to leave shall leave victorious, the others
(43:03 / All) Aguirre: will have dropped and lost
(43:06 / All) Aguirre: Sound fair?
(43:07 / All) Aguirre: Teal, orange
(43:11 / All) Aguirre: You will have equal chances of winning
(43:21 / All) COMSHEPPARD.: they never understand
(43:31 / All) COMSHEPPARD.: lawl
(43:31 / All) Aguirre: Bad luck tea
(43:31 / All) BigEvil: WELL
(43:32 / All) Aguirre: l
(43:33 / All) BigEvil: How rude!
(44:28 / All) COMSHEPPARD.: love tap time
(44:58 / All) Aguirre: stop I don't want to break this queue
(45:09 / All) BigEvil: yeah don't be a homo jacob
(45:15 / All) BigEvil: it's really rather rude!
(45:17 / All) COMSHEPPARD.: its a love tap
(45:40 / All) Aguirre: Alright, every building is queued up
(45:44 / All) Aguirre: Anything to say for yourself teal?
(45:46 / All) Aguirre: You lose
(45:55 / All) COMSHEPPARD.: do u guys think skyler from breaking bad is hot
(45:56 / All) COMSHEPPARD.: i do
(46:06 / All) BigEvil: He's a milf
(46:11 / All) BigEvil: her character is a cunt tho
(46:14 / All) COMSHEPPARD.: she*
(46:22 / All) COMSHEPPARD.: shes just a loving mother and faithful wife
(46:27 / All) BigEvil: She starts cheating when she doesn't even know what he's doing
(46:31 / All) BigEvil: he has fucking cancer
(46:38 / All) BigEvil: faithful lol?
(46:45 / All) COMSHEPPARD.: he forced her to cheat
(46:48 / All) Aguirre: Charlie Sheen anything to say for yourself you bipolar shit?
(46:49 / All) COMSHEPPARD.: he was being unreasonable
(46:56 / All) BigEvil: lol!
(46:59 / All) BigEvil: Okay